 Dungeon Crawl Stone Soup version 0.29.1-2-gbd0b4ee654 (webtiles) character file.

Game seed: 15312844625532326095

895 cdecastro the Destroyer (level 7, -2/36 HPs)
             Began as a Deep Elf Conjurer on Nov 14, 2022.
             Killed from afar by a steam dragon (13 damage)
             ... with a ball of steam
             ... on level 6 of the Dungeon.
             The game lasted 00:19:01 (6264 turns).

cdecastro the Destroyer (Deep Elf Conjurer)         Turns: 6264, Time: 00:19:01

Health: -2/36      AC:  3    Str:  4    XL:     7   Next: 78%
Magic:  7/13       EV: 17    Int: 31    God:
Gold:   224        SH:  0    Dex: 13    Spells: 3/12 levels left

rFire   . . .      SeeInvis .   i - +4 dagger (venom)
rCold   . . .      Faith    .   (no shield)
rNeg    . . .      Spirit   .   a - +0 robe
rPois   .          Reflect  .   (no helmet)
rElec   .          Harm     .   (no cloak)
rCorr   .          Rampage  .   y - +0 pair of gloves
Will    .....                   (no boots)
Stlth   ++........              (no amulet)
HPRegen 0.12/turn               q - +4 ring of evasion
MPRegen 0.13/turn               t - +6 ring of intelligence

@: no status effects
A: no striking features
a: no special abilities


You were on level 6 of the Dungeon.
You visited 1 branch of the dungeon, and saw 6 of its levels.
You also visited: Ossuary.

You collected 224 gold pieces.

Inventory:

Hand Weapons
 d - a +0 dagger
 f - a +1 dagger of venom
 i - a +4 dagger of venom (weapon)
Missiles
 c - 60 stones
 e - 7 boomerangs
 n - 2 javelins
 z - 3 throwing nets
Armour
 a - a +0 robe (worn)
 y - a +0 pair of gloves (worn)
Magical Staves
 r - a staff of death
 u - a staff of poison
Jewellery
 q - a +4 ring of evasion (left hand)
 t - a +6 ring of intelligence (right hand)
Wands
 A - a wand of flame (15)
 B - a wand of paralysis (8)
Scrolls
 h - 4 scrolls of teleportation {unknown}
 m - 2 scrolls of identify {unknown}
 s - 3 scrolls of poison {unknown}
 v - 5 scrolls of noise {unknown}
 D - a scroll of enchant weapon {unknown}
Potions
 b - a potion of magic
 g - 2 potions of mutation {unknown}
 j - 2 potions of cancellation {unknown}
 k - 4 potions of might {unknown}
 l - 2 potions of curing {unknown}
 o - 3 potions of brilliance {unknown}
 p - a potion of invisibility {unknown}
 w - 2 potions of flight {unknown}
 x - 2 potions of degeneration {unknown}
 C - 3 potions of berserk rage {unknown}


   Skills:
 + Level 4.9 Dodging
 - Level 2.4 Stealth
 - Level 3.0 Spellcasting
 - Level 10.0 Conjurations


You had 3 spell levels left.
You knew the following spells:

 Your Spells              Type           Power      Damage    Failure   Level
a - Magic Dart            Conj           100%       1d8       1%          1
b - Searing Ray           Conj           100%       2d8       1%          2
c - Dazzling Flash        Conj/Hex       70%        N/A       2%          3
d - Mephitic Cloud        Conj/Pois/Air  25%        N/A       5%          3

Your spell library contained the following spells:

 Spells                   Type           Power      Damage    Failure   Level
 Apportation              Tloc           8%         N/A       7%          1
 Necrotise                Necr           16%        1d4       7%          1
 Summon Small Mammal      Summ           16%        N/A       7%          1
 Call Imp                 Summ           4%         N/A       10%         2
 Portal Projectile        Hex/Tloc       8%         N/A       21%         3
 Tukima's Dance           Hex            4%         N/A       21%         3
 Fulminant Prism          Conj/Hex       17%        3d11      9%          4
 Iskenderun's Mystic Bla  Conj/Tloc      35%        2d8       9%          4
 Blade Hands              Tmut           2%         N/A       88%         5


Dungeon Overview and Level Annotations

Branches:
Dungeon (7/15)            Ossuary (visited)
 Temple: D:4-7

Altars:
Nemelex Xobeh
Ru

Shops:
D:4 *   D:7 *

Annotations:
D:6 Grinder


Message History

(Press . to maintain the ray.)
The gnoll sergeant barely misses you.
The searing ray hits the gnoll sergeant.
The gnoll sergeant is lightly wounded.
The searing ray hits the gnoll!
You kill the gnoll!
The gnoll sergeant barely misses you.
Unknown command.
The searing ray hits the gnoll sergeant!
The gnoll sergeant is heavily wounded.
The searing ray hits the gnoll.
The gnoll is heavily wounded.
The gnoll sergeant hits you from afar with a +0 trident.
Unknown command.
The searing ray hits the gnoll sergeant!
The gnoll sergeant is almost dead.
The searing ray hits the gnoll!
You kill the gnoll!
You finish channelling your searing ray.
The gnoll sergeant closely misses you.
Unknown command.
Casting: Searing Ray (safe; 1% risk of failure)
Confirm with . or Enter, or press ? or * to list all spells.
Aiming: Searing Ray (safe; 1% risk of failure)
Press: ? - help, Shift-Dir - straight line, f - steam dragon
Aim: a steam dragon (83% to hit)
The searing ray hits the gnoll sergeant.
You kill the gnoll sergeant!
The searing ray hits the steam dragon but does no damage. (Press . to maintain the ray.)
The steam dragon breathes steam at you. The ball of steam hits you!!
Ouch! That really hurt!
* * * LOW HITPOINT WARNING * * *
You are engulfed in a cloud of scalding steam.
* * * LOW HITPOINT WARNING * * *
Unknown command.
The steam dragon breathes steam at you. The ball of steam hits you!
You die...

#.###.#.#.#..#
#..##.#.#.#..##
......#.......#
############......##..#
........#.####.>#......
#######.#§D.............
.#.......#§#.§..#.####..
......##.#§#.#§§#+####......#
..##..####§#.###@....#......#
# #g......)#.. +.....#......#
.g.g#....D######.....#......#
.g..#................#......#
....#................#......#
....#.....................#
#+# #.....#######.........#
#.....# #.........# #.....#
#.........#


There were no monsters in sight!

Vanquished Creatures
  2 ogres (D:6)
  A bullfrog (D:7)
  An elf zombie (Ossuary)
  A gnoll sergeant (D:6)
  A centaur zombie (Ossuary)
  2 human zombies (Ossuary)
  A hound (D:3)
  4 orc wizards
  2 mummies (Ossuary)
  5 adders
  11 gnolls
  A white imp (D:6)
  A worm (D:4)
  5 dart slugs
  18 orcs
  4 endoplasms
  2 giant cockroaches (D:1)
  6 goblins
  7 hobgoblins
  4 jackals (D:1)
  4 quokkas
  A ball python (D:1)
  2 bats (D:1)
  7 frilled lizards
  A goblin zombie (Ossuary)
  8 hobgoblin zombies (Ossuary)
  A jackal zombie (Ossuary)
  8 kobolds
  11 kobold zombies (Ossuary)
  9 orc zombies (Ossuary)
  A rat (D:2)
  3 rat zombies (Ossuary)
135 creatures vanquished.

Vanquished Creatures (others)
  A gnoll (D:6)
1 creature vanquished.

Grand Total: 136 creatures vanquished

Notes
Turn   | Place    | Note
-------+----------+-------------------------------------------
     0 | D:1      | cdecastro the Deep Elf Conjurer began the quest for the
                  | Orb.
     0 | D:1      | Reached XP level 1. HP: 10/10 MP: 6/6
   145 | D:1      | Reached XP level 2. HP: 15/15 MP: 1/8
   148 | D:1      | Reached skill level 5 in Conjurations
   505 | D:1      | Learned a level 2 spell: Searing Ray
   664 | D:1      | Reached XP level 3. HP: 19/19 MP: 6/9
   890 | D:1      | Found a faded altar of an unknown god.
  1676 | D:2      | Reached skill level 6 in Conjurations
  1919 | D:2      | Reached XP level 4. HP: 24/24 MP: 7/10
  2938 | D:3      | Reached skill level 7 in Conjurations
  2938 | D:3      | Reached XP level 5. HP: 28/28 MP: 5/11
  3040 | D:3      | Found a sacrificial altar of Ru.
  3525 | D:4      | Found Woos's Overcharged Wands.
  3577 | D:4      | Found a sand-covered staircase.
  3585 | Ossuary  | Entered an ossuary
  4376 | Ossuary  | Reached skill level 8 in Conjurations
  4446 | Ossuary  | Reached XP level 6. HP: 32/32 MP: 4/12
  4895 | D:4      | Found a sparkling altar of Nemelex Xobeh.
  5166 | D:4      | Reached skill level 9 in Conjurations
  5199 | D:4      | Learned a level 3 spell: Dazzling Flash
  5203 | D:4      | Learned a level 3 spell: Mephitic Cloud
  5305 | D:4      | You fall into a shaft and drop 2 floors!
  5409 | D:6      | Reached XP level 7. HP: 36/36 MP: 5/13
  5580 | D:6      | Noticed Grinder
  5877 | D:7      | Reached skill level 10 in Conjurations
  6063 | D:7      | Found Zuffojioc's General Store.
  6241 | D:6      | Noticed a steam dragon
  6264 | D:6      | Killed from afar by a steam dragon

Illustrated notes

Levels and vault maps discovered:
D:1:      erik_arrival_blinker_ship, layout_basic,
          ebering_ecumenical_altar_abandoned
D:2:      layout_basic
D:3:      layout_basic, mainiacjoe_overflow_tiny_flanked,
          minmay_misc_feat_columns
D:4:      layout_basic, nemelex_spade_bored_becter,
          minmay_temple_entry_stoned_glass, nicolae_ossuary_entry_plus,
          nicolae_shop_overcharged_wands
D:6:      layout_basic, roderic_lattice_a, due_unseen_surprise, uniq_grinder
D:7:      layout_basic, lemuel_coloured_pillars_altar, serial_shops,
          nicolae_diamond_shop, minivault_1, uniq_joseph

Skill      XL: |  1  2  3  4  5  6  7 |
---------------+----------------------+-----
Conjurations   | 5 6 7 8 9 10 | 10.0
Dodging        | 4 |  4.9
Stealth        | |  2.4
Spellcasting   | |  3.0

Action                   |  1- 3 |  4- 6 |  7- 9 || total
-------------------------+-------+-------+-------++-------
Melee: Unarmed           |     4 |       |       ||     4
       Dagger            |       |    23 |     8 ||    31
 Cast: Magic Dart        |    53 |    68 |       ||   121
       Searing Ray       |     7 |    35 |    11 ||    53
 Stab: Sleeping          |       |     1 |       ||     1
Armor: Robe              |     4 |     4 |     1 ||     9
Dodge: Dodged            |    13 |    56 |    12 ||    81
